 Dungeon Crawl Stone Soup version 0.28.0-53-g5a82cb258f (webtiles) character file.

Game seed: 4614002479564255360

328 oldmanjim the Ruffian (level 6, -13/61 HPs)
             Began as a Troll Hunter on Aug 13, 2022.
             Mangled by an ogre
             ... wielding a +0 giant spiked club
              (35 damage)
             ... on level 4 of the Dungeon.
             The game lasted 00:15:40 (2357 turns).

oldmanjim the Ruffian (Troll Hunter)                Turns: 2357, Time: 00:15:41

Health: -13/61     AC:  4    Str: 23    XL:     6   Next: 25%
Magic:  5/5        EV:  9    Int:  7    God:
Gold:   14         SH:  0    Dex: 10    Spells: 5/5 levels left

rFire   . . .      SeeInvis .     - Unarmed
rCold   . . .      Faith    .   (no shield)
rNeg    . . .      Spirit   .   b - +0 robe
rPois   .          Reflect  .   (helmet restricted)
rElec   .          Harm     .   (no cloak)
rCorr   .          Rampage  .   (gloves unavailable)
Will    .....                   (boots unavailable)
Stlth   +.........              l - amulet of magic regeneration
HPRegen 1.00/turn               (no ring)
MPRegen 0.49/turn               (no ring)

@: no status effects
A: large, unfitting armour, claws 3, regeneration 1, shaggy fur 1, tough skin 1
a: no special abilities


You were on level 4 of the Dungeon.
You visited 1 branch of the dungeon, and saw 4 of its levels.

You collected 86 gold pieces.
You spent 72 gold pieces at shops.

Inventory:

Missiles
 c - 7 large rocks (quivered)
 d - 2 throwing nets
 e - 32 stones
 h - 4 silver javelins
 i - 2 boomerangs
Armour
 b - a +0 robe (worn)
Magical Staves
 m - a staff of air
Jewellery
 l - an amulet of magic regeneration (around neck)
Scrolls
 g - 2 scrolls of identify
 k - a scroll of fear {unknown}
Potions
 a - 5 potions of curing
 f - a potion of magic
 j - 4 potions of might
 n - a potion of invisibility {unknown}


   Skills:
 + Level 3.4 Fighting
 - Level 4.0 Throwing
 - Level 1.5 Dodging
 - Level 0.3 Stealth
 + Level 4.6 Unarmed Combat


You had 5 spell levels left.
You didn't know any spells.
Your spell library contained the following spells:

 Spells                   Type           Power      Damage    Failure   Level
 Apportation              Tloc           0%         N/A       43%         1
 Alistair's Intoxication  Tmut/Pois      0%         N/A       100%        5


Dungeon Overview and Level Annotations

Branches:
Dungeon (4/15)
 Temple: D:4-7

Altars:
Cheibriados

Shops:
D:2 ?!(   D:4 *(


Innate Abilities, Weirdness & Mutations

You are too large for most types of armour.
You have claws for hands.
Your natural rate of healing is unusually fast.
You are covered in fur. (AC +1)
You have tough skin. (AC +1)


Message History

The orc priest closely misses you.
You closely miss the orc priest.
The orc priest is lightly wounded.
The orc priest invokes the aid of Beogh against you.
Beogh smites you!
You claw the orc priest!
You kill the orc priest!
Things that are here:
a +0 short sword; a +0 hand axe; an orc corpse
There is a fountain of clear blue water here.
An ogre comes into view. It is wielding a +0 giant spiked club.
The ogre shouts!
Throw: 10 large rocks
Press: ? - help, Q - select action, (/) - cycle Shift-Dir - straight line, f - ogre
Aim: an ogre, wielding a +0 giant spiked club (74% to hit)
You throw a large rock. The large rock barely misses the ogre.
Throw: 9 large rocks
Press: ? - help, Q - select action, (/) - cycle Shift-Dir - straight line, f/p - ogre
Aim: an ogre, wielding a +0 giant spiked club (74% to hit)
You throw a large rock. The large rock barely misses the ogre.
Throw: 8 large rocks
Press: ? - help, Q - select action, (/) - cycle Shift-Dir - straight line, f/p - ogre
Aim: an ogre, wielding a +0 giant spiked club (74% to hit)
You throw a large rock. The large rock barely misses the ogre.
The ogre hits you with a +0 giant spiked club!!
You claw the ogre!
The ogre is heavily wounded.
You claw the ogre! Your claw misses the ogre.
The ogre is almost dead.
The ogre hits you with a +0 giant spiked club!
You barely miss the ogre.
The ogre is almost dead.
The ogre barely misses you.
You barely miss the ogre.
The ogre is almost dead.
You scratch the ogre but do no damage.
The ogre is almost dead.
The ogre hits you with a +0 giant spiked club!!
Ouch! That really hurt!
You die...

.....( ......
#......
####.......
#...†....##
#.#........
##..)O......
#..#@....#
#.##.###.#.# ##.
#.⌠.#
##.####.#.#
#..#.#)#.#.#
#.#.⌠.###.⌠.#
#..#.#.#.#.###
..
##.####.#.###.##
#......
##.##.⌠.###.⌠.
#.......


You could see an ogre.

Vanquished Creatures
  A scorpion (D:4)
  A hound (D:2)
  2 orc priests (D:4)
  9 adders
  An adder skeleton (D:4)
  3 dart slugs
  A worm (D:2)
  10 orcs
  6 endoplasms
  3 giant cockroaches
  5 goblins
  4 hobgoblins
  4 jackals (D:1)
  6 kobolds
  2 quokkas
  5 ball pythons
  9 bats
  3 frilled lizards
  3 rats (D:1)
78 creatures vanquished.

Notes
Turn   | Place    | Note
-------+----------+-------------------------------------------
     0 | D:1      | oldmanjim the Troll Hunter began the quest for the Orb.
     0 | D:1      | Reached XP level 1. HP: 19/19 MP: 0/0
    58 | D:1      | Reached skill level 1 in Unarmed Combat
    60 | D:1      | Reached XP level 2. HP: 28/28 MP: 1/1
   577 | D:1      | Reached XP level 3. HP: 36/36 MP: 2/2
  1056 | D:2      | Reached XP level 4. HP: 38/44 MP: 3/3
  1077 | D:2      | Found a faded altar of an unknown god.
  1176 | D:2      | Found Haddodue's Weapon Boutique.
  1203 | D:2      | Found Wiraec's Distillery.
  1225 | D:2      | Bought a potion of degeneration for 12 gold pieces
  1225 | D:2      | Bought a potion of curing for 36 gold pieces
  1228 | D:2      | Found a snail-covered altar of Cheibriados.
  1393 | D:2      | Found Behatt's Magic Scroll Shoppe.
  1396 | D:2      | Bought a scroll of identify for 24 gold pieces
  1782 | D:3      | Reached XP level 5. HP: 46/53 MP: 4/4
  2130 | D:4      | Found Kaunal Xui's Weapon Shop.
  2176 | D:4      | Found Fikkutev's General Store.
  2222 | D:4      | Reached XP level 6. HP: 49/61 MP: 5/5
  2357 | D:4      | Mangled by an ogre

Illustrated notes

Levels and vault maps discovered:
D:1:      tarquinn_simple_flora_water_a, layout_basic
D:2:      layout_rooms, serial_shops, nicolae_shop_behind_doors, shop_fountains,
          shop, basic_altar, ebering_ecumenical_altar_sacrificial,
          nicolae_figureground_pulse
D:3:      layout_basic
D:4:      layout_cave_pools, serial_shops, nicolae_shop_statue_plus, shop,
          nicolae_shop_waterfront, nicolae_shop_temple_entry_statues_fountains,
          grunt_decor_mini_mirrors, minmay_a_box_with_orc_wizards_in_it

Skill      XL: |  1  2  3  4  5  6 |
---------------+-------------------+-----
Unarmed Combat | 1 2 3 4 |  4.6
Fighting       | 2 3 |  3.4
Throwing       | 4 |  4.0
Dodging        | |  1.5
Stealth        | |  0.3

Action                   |  1- 3 |  4- 6 || total
-------------------------+-------+-------++-------
Melee: Unarmed           |    97 |   133 ||   230
       Short sword       |     1 |       ||     1
       Punch             |     2 |     2 ||     4
Throw: Boomerang         |       |    35 ||    35
       Large rock        |       |     3 ||     3
  Use: Scroll            |       |     2 ||     2
 Stab: Sleeping          |     4 |     1 ||     5
Armor: Robe              |    38 |    57 ||    95
Dodge: Dodged            |    54 |    68 ||   122
